 Dungeon Crawl Stone Soup version 0.22-a0-355-g201945fe43 (webtiles) character file.

9 KleinerIrrer the Stinger (level 2, -1/22 HPs)
             Began as a Naga Venom Mage on Apr 18, 2018.
             Slain by a jackal (3 damage)
             ... on level 1 of the Dungeon.
             The game lasted 00:02:34 (333 turns).

KleinerIrrer the Stinger (Naga Venom Mage)           Turns: 333, Time: 00:02:34

Health: -1/22      AC:  1    Str: 10    XL:     2   Next: 12%
Magic:  3/5        EV: 10    Int: 15    God:
Gold:   16         SH:  0    Dex: 11    Spells: 4/5 levels left

rFire    . . .     SeeInvis +   (no weapon)
rCold    . . .     Gourm    .   (no shield)
rNeg     . . .     Faith    .   a - +0 robe
rPois    +         Spirit   .   (no helmet)
rElec    .         Reflect  .   (no cloak)
rCorr    .         Harm     .   (no gloves)
MR       .....                  (no barding)
Stlth    ++........             (no amulet)
HPRegen  0.07/turn              (no ring)
MPRegen  0.09/turn              (no ring)

@: very slow
A: large, see invisible, deformed body, poison resistance, slowness 2, slow
metabolism 1, spit poison 1, AC +0
a: Spit Poison


You were on level 1 of the Dungeon.
You were not hungry.

You visited 1 branch of the dungeon, and saw 1 of its levels.

You collected 16 gold pieces.

Inventory:

Armour
 a - a +0 robe (worn)
Scrolls
 e - a scroll of fear {unknown}
 f - a scroll of identify {unknown}
Potions
 b - a potion of heal wounds {unknown}
 g - a potion of might {unknown}
Comestibles
 c - 2 rations
 d - a chunk of flesh


   Skills:
 + Level 2.0 Dodging
 + Level 3.7 Stealth
 - Level 2.0 Spellcasting
 - Level 1.0 Conjurations
 - Level 4.0 Poison Magic


You had 4 spell levels left.
You knew the following spells:

 Your Spells              Type           Power        Failure   Level  Hunger
a - Sting                 Conj/Pois      #...         8%          1    #......


Dungeon Overview and Level Annotations

Branches:
Dungeon (1/15)

Altars:


Innate Abilities, Weirdness & Mutations

You cannot wear boots.
Your serpentine skin is tough. (AC +0)
You have supernaturally acute eyesight. (SInv)
Armour fits poorly on your strangely shaped body.
Your system is resistant to poisons. (rPois)
You cover ground very slowly.
You have a slow metabolism.
You can spit poison.


Message History

The splash of poison hits the hobgoblin.
The hobgoblin appears unharmed.
You feel slightly more hungry. The hobgoblin barely misses you.
The hobgoblin hits you.
* * * LOW HITPOINT WARNING * * *
You have got your breath back.
The hobgoblin hits you.
* * * LOW HITPOINT WARNING * * *
The jackal barely misses you. The jackal barely misses you.
The jackal bites you but does no damage.
The jackal barely misses you. The jackal closely misses you.
The jackal bites you.
* * * LOW HITPOINT WARNING * * *
The jackal barely misses you. The jackal closely misses you.
The jackal pauses to sniff the ground.
The jackal bites you.
* * * LOW HITPOINT WARNING * * *
The jackal bites you.
You die...

#...###..#...#.##########.#
##.## #....#..#.......##...
#.# #.##...#.######.##..#
#.# #.###.##.######.##..#
#.# #.##...#........##..#
#.# #.##...#..#####.##..#
#.# #.##...#..####...#..###
#.#
#.##.###..#h..........###
#.#
#...>...@hgh.....#..#....
#.#
#########.#h#......^#####
#.# #.#.........# #)#
#.#.#.....#.##### #.#
#.#.#....##.....# #.#
#.#.#.#.#######.# #.#
#..)....# #.#
#.#############..#.#.# #..
#...........###..#.#.# #..


You could see 4 jackals and a hobgoblin.

Vanquished Creatures
  A giant cockroach (D:1)
  A goblin (D:1)
  A hobgoblin (D:1)
  A jackal (D:1)
  2 kobolds (D:1)
  3 rats (D:1)
9 creatures vanquished.

Notes
Turn   | Place    | Note
-------+----------+-------------------------------------------
     0 | D:1      | KleinerIrrer the Naga Venom Mage began the quest for the Orb.
     0 | D:1      | Reached XP level 1. HP: 15/15 MP: 3/3
   265 | D:1      | Reached XP level 2. HP: 22/22 MP: 3/5
   333 | D:1      | Slain by a jackal

Vault maps used:
D:1:      eino_arrival_water_cross

Skill      XL: |  1  2 |
---------------+-------+-----
Dodging        | 2 |  2.0
Stealth        | |  3.7
Spellcasting   | |  2.0
Conjurations   | |  1.0
Poison Magic   | |  4.0

Action                   || total
-------------------------++-------
Melee: Unarmed           ||    13
 Cast: Sting             ||    16
 Abil: Spit Poison       ||     5
Armor: Robe              ||     5
Dodge: Dodged            ||    13

Table legend:
 A = Spawn XP
 B = Non-spawn XP
 C = Spawn XP percentage of total XP
 D = Spawn monster count
 E = Non-spawn monster count
 F = Spawn count percentage of total count
 G = Total turns spent on level
                    A         B        C        D         E        F      G
               +---------+---------+-------+---------+---------+-------+---------
         Total |       0 |      13 |   0.0 |       0 |       9 |   0.0 |   333
               +---------+---------+-------+---------+---------+-------+---------
           D:1 |       0 |      13 |   0.0 |       0 |       9 |   0.0 |   333
               +---------+---------+-------+---------+---------+-------+---------
